 Dungeon Crawl Stone Soup version 0.20.1-1-g8b1a95d (webtiles) character file.

2240 Gargoyl the Cleaver (level 9, -5/112 HPs)
             Began as a Minotaur Abyssal Knight on Aug 17, 2017.
             Was an Elder of Lugonu.
             Slain by a two-headed ogre
             ... wielding a +0 giant club
              (17 damage)
             ... on level 7 of the Dungeon.
             The game lasted 00:15:22 (6769 turns).

Gargoyl the Cleaver (Minotaur Abyssal Knight)       Turns: 6769, Time: 00:15:23

Health: -5/112     AC: 18    Str: 24    XL:     9   Next: 14%
Magic:  11/11      EV:  7    Int: 11    God:    Lugonu [****..]
Gold:   354        SH:  0    Dex: 11    Spells: 8/8 levels left

rFire    . . .     SeeInvis .   E - +3 battleaxe (flame)
rCold    . . .     Gourm    .   (shield currently unavailable)
rNeg     + . .     Faith    .   d - +3 plate armour
rPois    .         Spirit   .   (helmet restricted)
rElec    .         Reflect  .   (no cloak)
rCorr    .         Harm     .   l - +0 pair of gloves
MR       .....                  b - +2 pair of boots
Stlth    ..........             q - amulet of magic regeneration
Regen    0.3/turn               y - -3 ring of protection
MPRegen  0.2/turn               v - ring of positive energy

@: berserking, very quick
A: retaliatory headbutt, horns 2, clever 1
a: Depart the Abyss, Bend Space, Banish, Corrupt, Renounce Religion


You were on level 7 of the Dungeon.
You worshipped Lugonu.
Lugonu was greatly pleased with you.
You were very hungry.

You visited 1 branch of the dungeon, and saw 7 of its levels.
You visited the Abyss 1 time.
You also visited: Ossuary.

You collected 354 gold pieces.

Inventory:

Hand Weapons
 a - a +2 hand axe
 E - a +3 battleaxe of flaming (weapon)
Missiles
 C - 12 tomahawks (quivered)
Armour
 b - a +2 pair of boots (worn)
 d - a +3 plate armour (worn)
 l - a +0 pair of gloves (worn)
 o - a +0 buckler
Jewellery
 m - a +2 ring of protection
 q - an amulet of magic regeneration (around neck)
 v - a ring of positive energy (right hand)
 y - a -3 ring of protection (left hand)
 H - a cursed ring of teleportation
Wands
 p - a wand of iceblast (4/15)
 r - a wand of confusion (31/48)
 G - a wand of acid (7/15)
Scrolls
 k - 3 scrolls of teleportation
 n - 3 scrolls of remove curse
 w - a scroll of identify
 x - a scroll of fog
 A - a scroll of amnesia
Potions
 e - a potion of might
 i - 3 potions of flight
 j - 4 potions of curing
 t - a potion of heal wounds {unknown}
 u - a potion of mutation {unknown}
 z - a potion of cancellation {unknown}
 F - 2 potions of invisibility
Books
 s - a book of Cantrips

   Spells                             Type                      Level
   a - Confusing Touch                Hexes                        1
   b - Animate Skeleton               Necromancy                   1
   c - Summon Small Mammal            Summoning                    1
   d - Apportation                    Translocation                1
 B - a book of Misfortune

   Spells                             Type                      Level
   a - Confusing Touch                Hexes                        1
   b - Confuse                        Hexes                        3
   c - Gell's Gravitas                Translocation                3
   d - Petrify                        Transmutation/Earth          4
   e - Metabolic Englaciation         Hexes/Ice                    5
   f - Yara's Violent Unravelling     Hexes/Transmutation          5
Comestibles
 c - 5 bread rations
 f - 6 royal jellies
 h - 3 meat rations


   Skills:
 + Level 6.1 Fighting
 + Level 8.9 Axes
 * Level 8.9 Armour
 + Level 1.2 Dodging
 + Level 1.9 Shields
 * Level 5.2 Invocations


You had 8 spell levels left.
You didn't know any spells.

Dungeon Overview and Level Annotations

Branches:
Dungeon (7/15)             Temple (0/1) D:4

Altars:
Cheibriados
Elyvilon
Gozag
Uskayaw
Zin

Shops:
D:4 *


Innate Abilities, Weirdness & Mutations

You reflexively headbutt those who attack you in melee.
You have a pair of horns on your head.
Your mind is acute. (Int +2)


Message History

* * * LOW HITPOINT WARNING * * *
You hit the two-headed ogre. You burn the two-headed ogre.
The two-headed ogre is moderately wounded.
The two-headed ogre hits you with a giant club!
* * * LOW HITPOINT WARNING * * *
The two-headed ogre hits you but does no damage.
A red film seems to cover your vision as you go berserk!
You feel yourself moving faster!
You feel mighty!
You hit the two-headed ogre. You burn the two-headed ogre.
You headbutt the two-headed ogre!
The two-headed ogre is severely wounded.
The two-headed ogre hits you with a giant club.
* * * LOW HITPOINT WARNING * * *
The two-headed ogre hits you but does no damage.
You slash the two-headed ogre! You burn the two-headed ogre.
You headbutt the two-headed ogre, but do no damage.
The two-headed ogre is almost dead.
The two-headed ogre barely misses you.
The two-headed ogre hits you with a giant club!
You die...

#........########.
#
#.................
.
#.###.#...########
#.#..^# #.#
#.#...# .< #.#...#
#. #.#...# #.#
#.#...# ####..# #
# #@#...# #......
.. #. #O#...#
#......
##'#.###F#...#
#......
.........##.##
######.
.........##.# ###.
.........##.# #.).
.........##.# #..)
.........##.# #...
.........##.#
####...


You could see a two-headed ogre and a bullfrog.

Vanquished Creatures
  A wraith (Ossuary)
  2 sky beasts
  A phantom (D:5)
  3 ogres
  A big kobold (D:7)
  A bullfrog (D:7)
  A water moccasin zombie (D:5)
  2 scorpions
  7 wights
  2 crimson imps
  A bullfrog zombie (D:6)
  3 hounds
  A centaur zombie (D:5)
  3 orc priests
  A jelly (D:5)
  4 orc wizards (D:4)
  A bullfrog skeleton (D:5)
  An iguana (D:7)
  4 worker ants
  3 mummies (Ossuary)
  4 gnolls (D:3)
  11 adders
  A shadow imp (D:5)
  7 worms
  4 dart slugs
  3 leopard geckos
  25 orcs
  2 ball pythons (D:3)
  5 giant cockroaches
  10 goblins
  7 hobgoblins
  7 jackals
  17 kobolds
  2 quokkas (D:4)
  12 bats
  9 frilled lizards
  4 goblin zombies (Ossuary)
  6 hobgoblin zombies (Ossuary)
  A kobold zombie (Ossuary)
  A leopard gecko skeleton (D:6)
  4 rats
185 creatures vanquished.

Vanquished Creatures (others)
  An orc wizard (D:4)
1 creature vanquished.

Grand Total: 186 creatures vanquished

Notes
Turn   | Place    | Note
-------+----------+-------------------------------------------
     0 | Abyss:1  | Gargoyl the Minotaur Abyssal Knight began the quest for the Orb.
     0 | Abyss:1  | Reached XP level 1. HP: 19/19 MP: 1/1
    66 | Abyss:2  | Noticed a spatial vortex
    98 | Abyss:2  | Noticed a smoke demon
   103 | D:1      | Escaped the Abyss
   122 | D:1      | Reached * piety under Lugonu
   132 | D:1      | Reached XP level 2. HP: 20/27 MP: 2/2
   496 | D:1      | Reached XP level 3. HP: 33/33 MP: 3/3
   912 | D:2      | Reached ** piety under Lugonu
  1172 | D:2      | Reached XP level 4. HP: 40/40 MP: 4/4
  1931 | D:3      | Found a snail-covered altar of Cheibriados.
  1967 | D:3      | Reached *** piety under Lugonu
  1967 | D:3      | Reached XP level 5. HP: 30/46 MP: 5/5
  2192 | D:3      | You fall through a shaft for 2 floors!
  2192 | D:5      | Entered Level 5 of the Dungeon
  2386 | D:5      | Noticed a phantom
  2414 | D:5      | Killed a phantom
  2414 | D:5      | Reached skill level 5 in Axes
  2414 | D:5      | Reached skill level 5 in Armour
  2414 | D:5      | Reached XP level 6. HP: 39/53 MP: 6/6
  2535 | D:5      | Found a white marble altar of Elyvilon.
  2977 | D:4      | Found a sand-covered staircase.
  2983 | Ossuary  | Entered an ossuary
  2983 | Ossuary  | Noticed a wraith
  2983 | Ossuary  | Noticed a wraith
  2983 | Ossuary  | Noticed a wraith
  3121 | Ossuary  | Noticed a wraith
  3133 | Ossuary  | Killed a wraith
  3133 | Ossuary  | Reached XP level 7. HP: 19/60 MP: 8/8
  3677 | D:4      | Reached skill level 5 in Fighting
  3995 | D:4      | Found a staircase to the Ecumenical Temple.
  4048 | D:4      | Reached **** piety under Lugonu
  4307 | D:4      | Reached skill level 1 in Shields
  4317 | D:4      | Gained mutation: Your mind is acute. (Int +2) [mutagenic meat]
  4456 | D:4      | Reached XP level 8. HP: 68/68 MP: 8/10
  4674 | D:4      | Found Zin's Purification Station.
  4674 | D:4      | Found a glowing silver altar of Zin.
  5231 | D:5      | Found an opulent altar of Gozag.
  5612 | D:6      | Found a hide-covered altar of Uskayaw.
  6312 | D:7      | Reached XP level 9. HP: 56/75 MP: 11/11
  6387 | D:7      | Reached skill level 5 in Invocations
  6747 | D:7      | Noticed a two-headed ogre
  6769 | D:7      | Slain by a two-headed ogre

Skill      XL: |  1  2  3  4  5  6  7  8  9 |
---------------+----------------------------+-----
Fighting       | 4 5 6 |  6.1
Invocations    | 2 3 4 5 |  5.2
Armour         | 3 4 5 7 8 |  8.9
Axes           | 3 4 5 6 8 |  8.9
Shields        | 1 |  1.9
Dodging        | |  1.2

Action                   |  1- 3 |  4- 6 |  7- 9 || total
-------------------------+-------+-------+-------++-------
Melee: Hand axe          |    85 |   223 |   228 ||   536
       Headbutt          |    13 |    26 |    57 ||    96
       Battleaxe         |       |       |    70 ||    70
Invok: Depart the Abyss  |     1 |       |       ||     1
       Banish            |       |     1 |       ||     1
  Use: Scroll            |     7 |     6 |    10 ||    23
       Potion            |       |     2 |     1 ||     3
  Eat: Chunk             |       |     7 |     8 ||    15
       Bread ration      |       |       |     1 ||     1
Armor: Plate armour      |    67 |   218 |   249 ||   534
Dodge: Dodged            |    26 |    79 |    70 ||   175
Block: Buckler           |       |    13 |    31 ||    44
